 Dungeon Crawl Stone Soup version 0.19-a0-1740-g0bcaf2e (webtiles) character file.

4694 wazuzu the Basher (level 10, -2/109 HPs)
             Began as a Demonspawn Berserker on Oct 1, 2016.
             Was an Elder of Trog.
             Slain by a swamp worm (16 damage)
             ... on level 8 of the Dungeon.
             The game lasted 00:21:11 (7039 turns).

wazuzu the Basher (Demonspawn Berserker)            Turns: 7039, Time: 00:21:12

Health: -2/109     AC: 11    Str: 25    XL:     10   Next: 21%
Magic:  10/10      EV:  9    Int:  8    God:    Trog [****..]
Gold:   313        SH:  4    Dex: 14    Spells: 0 memorised, 9 levels left

rFire  + . .     SeeInvis +     r - +3 whip (venom)
rCold  . . .     Gourm    .     D - +1 chain mail {rF+}
rNeg   . . .     Faith    .     (no shield)
rPois  .         Spirit   .     (helmet restricted)
rElec  .         Dismiss  .     m - +0 cloak
rCorr  .         Reflect  .     (no gloves)
MR     .....     Harm     .     (no boots)
Stlth  ..........               y - amulet of regeneration
                                j - ring of see invisible
                                s - +2 ring of slaying

@: berserking, very quick
A: horns 2, large bone plates 1, powered by death 1, spiny 2
a: Berserk, Trog's Hand, Brothers in Arms, Burn Spellbooks, Renounce Religion


You were on level 8 of the Dungeon.
You worshipped Trog.
Trog was greatly pleased with you.
You were not hungry.

You visited 1 branch of the dungeon, and saw 9 of its levels.
You also visited: Sewer.

You collected 313 gold pieces.

Inventory:

Hand Weapons
 r - a +3 whip of venom (weapon)
Armour
 m - a +0 cloak (worn)
 D - a +1 chain mail of fire resistance (worn)
Jewellery
 f - an uncursed ring of protection from cold
 j - a ring of see invisible (right hand)
 s - a +2 ring of slaying (left hand)
 y - an amulet of regeneration (around neck)
Scrolls
 a - 3 scrolls of remove curse
 b - 2 scrolls of enchant armour
 n - 3 scrolls of blinking
 q - 2 scrolls of identify
 t - a scroll of recharging
 u - a scroll of fear
 v - 2 scrolls of teleportation
 w - a scroll of torment {unknown}
 x - a scroll of fog
 B - a scroll of magic mapping
Potions
 d - 2 potions of invisibility
 e - a potion of resistance {unknown}
 h - 4 potions of lignification
 i - 5 potions of curing {unknown}
 k - a potion of agility {unknown}
 o - a potion of heal wounds {unknown}
 p - 4 potions of haste {unknown}
 z - a potion of degeneration {unknown}
Comestibles
 c - 9 bread rations
 g - a meat ration
 l - 7 fruits
 A - a beef jerky
 C - 6 chunks of flesh


   Skills:
 + Level 4.3 Fighting
 - Level 13.0 Maces & Flails
 + Level 3.4 Armour
 - Level 1.7 Dodging


You had 9 spell levels left.
You didn't know any spells.

Dungeon Overview and Level Annotations

Branches:
Dungeon (9/15)             Temple (0/1) D:5
   Lair: D:8-11         Orc: D:9-12

Altars:
Sif Muna
Zin

Shops:
D:4 *


Innate Abilities, Weirdness & Mutations

You have a pair of horns on your head.
You are partially covered in large bone plates. (SH +4)
You regenerate a little health from kills.
You are mostly covered in sharp spines.


Message History

The swamp worm bites you!
A swamp worm bursts forth from the water.
The swamp worm is struck by your spines.
The swamp worm bites you!
A swamp worm bursts forth from the water.
You block the swamp worm's attack. The swamp worm bites you!!
* * * LOW HITPOINT WARNING * * *
The swamp worm barely misses you.
The swamp worm is struck by your spines.
The swamp worm completely misses you. The swamp worm bites you.
* * * LOW HITPOINT WARNING * * *
The swamp worm is struck by your spines.
The swamp worm bites you!
* * * LOW HITPOINT WARNING * * *
A red film seems to cover your vision as you go berserk!
You feel yourself moving faster!
You feel mighty!
You feel somewhat more hungry. The swamp worm barely misses you.
The swamp worm bites you!
You die...

# #.#.#....#### #.
#.#.#........ .
#.##.#.#......#.
..#......#......#
≈≈≈≈≈≈.###......#
≈≈≈≈≈≈≈≈..........
#######≈≈≈#########
##≈w≈≈†#≈≈≈#
#(≈w@≈≈†P≈≈#
##≈w≈†≈#P≈≈#
#######≈≈≈....
≈≈≈##### ≈≈### ##


You could see 3 swamp worms.

Vanquished Creatures
  The ghost of Amnesiac the Basher, a novice OgCK of Xom (D:6)
  A hill giant (D:8)
  A cyclops (D:6)
  A hippogriff (D:7)
  A shadow (D:6)
  A hungry ghost (D:8)
  Menkaure (D:5)
  2 swamp worms (D:8)
  Duvessa (D:7)
  2 orc warriors
  An ice beast (D:6)
  A phantom (D:6)
  5 ogres
  A centaur (D:6)
  2 big kobolds (Sewer)
  2 bullfrogs
  Dowan (D:7)
  4 scorpions (D:7)
  4 killer bees (D:7)
  2 crimson imps
  A bullfrog skeleton (D:7)
  2 hounds
  A centaur zombie (D:7)
  2 orc priests
  5 orc wizards
  3 iguanas
  4 worker ants
  A worker ant zombie (D:8)
  15 adders
  A howler monkey skeleton (D:7)
  3 river rats (Sewer)
  3 shadow imps
  2 oozes
  An adder skeleton (D:4)
  17 worms
  2 dart slugs
  A leopard gecko (D:3)
  21 orcs
  6 giant cockroaches
  11 goblins
  9 hobgoblins
  8 jackals
  4 quokkas
  2 ball pythons
  16 bats
  5 frilled lizards
  A jackal skeleton (D:7)
  12 kobolds
  12 rats
  2 fungi (D:7)
  A plant (D:8)
209 creatures vanquished.

Vanquished Creatures (others)
  2 fungi (D:7)
  A plant (D:8)
3 creatures vanquished.

Grand Total: 212 creatures vanquished

Notes
Turn   | Place    | Note
-------+----------+-------------------------------------------
     0 | D:1      | wazuzu the Demonspawn Berserker began the quest for the Orb.
     0 | D:1      | Reached XP level 1. HP: 18/18 MP: 1/1
   101 | D:1      | Reached skill level 3 in Maces & Flails
   476 | D:1      | Gained mutation: You are partially covered in sharp spines. [demonic ancestry]
   476 | D:1      | Reached XP level 2. HP: 5/24 MP: 2/2
  1451 | D:2      | Reached XP level 3. HP: 29/29 MP: 3/3
  1495 | D:2      | Reached ** piety under Trog
  1634 | D:2      | Reached skill level 4 in Maces & Flails
  2408 | D:3      | Gained mutation: You have a pair of small horns on your head. [demonic ancestry]
  2408 | D:3      | Reached XP level 4. HP: 31/35 MP: 4/4
  3085 | D:3      | Reached skill level 5 in Maces & Flails
  3206 | D:4      | Reached XP level 5. HP: 33/41 MP: 5/5
  3506 | D:4      | Found Zin's Purification Station.
  3509 | D:4      | Found a glowing silver altar of Zin.
  3772 | D:5      | Entered Level 5 of the Dungeon
  3800 | D:5      | Found a deep blue altar of Sif Muna.
  3824 | D:5      | Reached skill level 6 in Maces & Flails
  3849 | D:5      | Noticed Menkaure
  3856 | D:5      | Killed Menkaure
  3856 | D:5      | Reached *** piety under Trog
  3856 | D:5      | Gained mutation: You have a pair of horns on your head. [demonic ancestry]
  3856 | D:5      | Reached XP level 6. HP: 6/47 MP: 6/6
  3878 | D:5      | Reached skill level 7 in Maces & Flails
  4037 | D:5      | Found a staircase to the Ecumenical Temple.
  4094 | D:5      | Found a glowing drain.
  4097 | D:5      | Gained mutation: You regenerate a little health from kills. [demonic ancestry]
  4097 | D:5      | Reached XP level 7. HP: 46/52 MP: 7/7
  4106 | Sewer    | Entered a sewer
  4352 | Sewer    | Reached skill level 8 in Maces & Flails
  4838 | D:6      | Reached skill level 9 in Maces & Flails
  4838 | D:6      | Reached XP level 8. HP: 27/58 MP: 8/8
  4920 | D:6      | You fall through a shaft for 3 floors!
  5284 | D:6      | Reached skill level 10 in Maces & Flails
  5285 | D:6      | Noticed a cyclops
  5291 | D:6      | Killed a cyclops
  5431 | D:6      | Noticed Amnesiac's ghost (novice OgCK)
  5439 | D:6      | Killed Amnesiac's ghost
  5439 | D:6      | Reached skill level 11 in Maces & Flails
  5439 | D:6      | Gained mutation: You are partially covered in large bone plates. (SH +4) [demonic ancestry]
  5439 | D:6      | Reached XP level 9. HP: 63/63 MP: 9/9
  5941 | D:7      | Noticed Duvessa
  5941 | D:7      | Noticed Dowan
  5949 | D:7      | Killed Duvessa
  5949 | D:7      | Reached skill level 12 in Maces & Flails
  5950 | D:7      | Killed Dowan
  6086 | D:7      | Reached **** piety under Trog
  6527 | D:7      | Reached skill level 13 in Maces & Flails
  6794 | D:8      | Noticed a hill giant
  6801 | D:8      | HP: 1/63 [hill giant/giant club (34)]
  6805 | D:8      | Killed a hill giant
  6805 | D:8      | Gained mutation: You are mostly covered in sharp spines. [demonic ancestry]
  6805 | D:8      | Reached XP level 10. HP: 4/71 MP: 10/10
  6969 | D:8      | Reached ***** piety under Trog
  7039 | D:8      | Slain by a swamp worm

Vault maps used:
D:1:      kilobyte_arrival_exit_the_forest
D:2:      first_bread
D:3:      kennysheep_six_static_rooms, serial_curves, eino_curves_03,
          eino_curves_02
D:4:      zin_purify, due_unseen_surprise
D:5:      portal_sewer_entry_d, lemuel_blue_sif_altar, uniq_menkaure
D:6:      minmay_small_thing
D:7:      old_forge, uniq_duvessa
D:8:      kennysheep_spiral_hall, worms_lemuel, uniq_joseph
Sewer:    sewer_co_15_rooms

Skill      XL: |  1  2  3  4  5  6  7  8  9 10 |
---------------+-------------------------------+-----
Maces & Flails | 3 4 5 6 7 9 11 13 | 13.0
Armour         | 2 3 |  3.4
Fighting       | 4 |  4.3
Dodging        | |  1.7

Action                   |  1- 3 |  4- 6 |  7- 9 | 10-12 || total
-------------------------+-------+-------+-------+-------++-------
Melee: Mace              |   126 |    22 |       |       ||   148
       Whip              |       |    59 |   266 |    83 ||   408
       Headbutt          |       |    22 |    61 |    10 ||    93
Invok: Berserk           |     2 |     1 |     8 |     2 ||    13
       Trog's Hand       |       |     2 |     6 |     2 ||    10
  Use: Scroll            |     6 |     8 |     5 |       ||    19
       Potion            |       |       |     1 |       ||     1
 Stab: Sleeping          |     1 |     1 |       |       ||     2
       Held in net/web   |       |       |     1 |       ||     1
  Eat: Chunk             |     6 |     5 |    19 |     5 ||    35
       Fruit             |       |     2 |       |       ||     2
Armor: Animal skin       |    13 |       |       |       ||    13
       Leather armour    |     8 |    21 |    12 |       ||    41
       Chain mail        |       |       |    39 |     7 ||    46
Dodge: Dodged            |    78 |    31 |    60 |    10 ||   179
Block: Other             |       |       |     9 |     4 ||    13
